Map: Wieczne Imperium ER

Players

kers - Winner!

  • Race: Protoss Protoss
  • League: Platinum
  • Spawn Location: 7:00

Barth

  • Race: Terran Terran
  • League: Gold
  • Spawn Location: 1:00

VOD

Have the link to the VOD?

Description

Time

  • Played on: March 2, 2020, 1:52 p.m.
  • Length: 14:26
Show
View Real Time Build Order
Export as new Build Order

kers Protoss - Winner!

Build Orders: Chargelot Immortal 

Get SALT Encoding   

  12  0:00  Probe  
  13  0:13  Probe  
  14  0:21  Pylon  
  14  0:25  Probe  
  15  0:39  Probe  
  15  0:41  Gateway  
  16  0:48  Assimilator  
  16  0:51  Probe (Chrono Boost)  
  17  1:01  Probe (Chrono Boost)  
  18  1:06  Probe (Chrono Boost)  
  19  1:18  Probe  
  20  1:28  Cybernetics Core  
  20  1:30  Probe  
  21  1:42  Probe  
  22  1:50  Nexus  
  23  1:54  Probe  
  23  1:55  Pylon  
  23  2:03  Warp Gate (Chrono Boost)  
  23  2:13  Adept  
  23  2:14  Probe  
  26  2:26  Probe  
  27  2:32  Assimilator  
  27  2:37  Robotics Facility  
  27  2:38  Probe  
  28  2:45  Pylon  
  28  2:50  Probe  
  29  3:02  Probe  
  29  3:03  Probe  
  31  3:14  Probe  
  31  3:15  Probe, Gateway  
  31  3:17  Gateway  
  33  3:26  Probe  
  34  3:27  Probe  
  34  3:31  Forge  
  35  3:38  Probe  
  35  3:39  Probe  
  35  3:41  Observer (Chrono Boost)  
  38  3:45  Stalker  
  40  3:50  Probe  
  40  3:51  Probe  
  42  3:59  Observer  
  44  4:02  Probe  
  44  4:03  Probe  
  44  4:09  Pylon  
  45  4:12  Pylon x2  
  45  4:15  Probe x2  
  47  4:17  Stalker x2  
  47  4:18  Stalker  
  53  4:27  Probe x2  
  55  4:37  Photon Cannon  
  55  4:39  Probe  
  55  4:40  Probe, Photon Cannon  
  57  4:47  Sentry  
  57  4:48  Sentry  
  57  4:51  Probe  
  57  4:52  Probe  
  63  4:56  Immortal  
  67  5:03  Probe  
  67  5:04  Probe  
  69  5:10  Pylon  
  69  5:11  Pylon  
  69  5:12  Assimilator  
  69  5:13  Assimilator  
  69  5:16  Twilight Council  
  69  5:17  Probe x2  
  69  5:19  Protoss Ground Weapons Level 1 (Chrono Boost)  
  71  5:29  Probe x2  
  71  5:30  Zealot x2  
  71  5:31  Zealot  
  79  5:41  Probe x2  
  79  5:42  Shield Battery  
  81  5:44  Shield Battery  
  81  5:51  Pylon  
  81  5:53  Probe x2, Pylon  
  81  5:55  Templar Archives  
  83  5:57  Charge  
  83  6:05  Probe x2, Immortal  
  83  6:10  Zealot  
  91  6:17  Probe x2  
  93  6:29  Probe x2  
  95  6:34  Gateway  
  95  6:37  Gateway, Pylon, Psionic Storm  
  95  6:41  Probe x2  
  95  6:43  Gateway  
  97  6:53  Probe  
  97  6:54  Probe  
  99  7:05  Probe  
  99  7:06  Probe  
  101  7:13  High Templar x2  
  105  7:16  Pylon  
  105  7:18  Probe x2  
  107  7:25  Protoss Ground Armor Level 1 (Chrono Boost)  
  107  7:26  Gateway x2  
  107  7:30  Probe x2, Gateway  
  107  7:32  Nexus  
  107  7:36  Photon Cannon  
  109  7:38  Photon Cannon  
  109  7:39  Shield Battery  
  109  7:42  Probe x2  
  111  7:44  Assimilator  
  111  7:47  Blink  
  111  7:48  Assimilator  
  111  7:50  High Templar  
  111  7:51  High Templar  
  115  8:15  High Templar x2  
  115  8:19  Archon  
  119  8:26  Immortal  
  123  8:30  Zealot  
  125  8:39  Pylon x2  
  125  8:42  Pylon  
  125  8:43  Pylon  
  125  8:44  Pylon  
  125  8:45  Pylon, High Templar  
  127  9:00  High Templar  
  127  9:01  High Templar  
  131  9:06  Immortal  
  135  9:13  Zealot x3  
  135  9:14  Zealot  
  143  9:33  High Templar x3  
  149  9:39  Protoss Ground Weapons Level 2 (Chrono Boost)  
  149  9:43  Photon Cannon, Warp Prism (Chrono Boost)  
  149  9:44  Colossus x4 (Chrono Boost)  
  151  9:58  High Templar x2  
  155  10:02  Archon  
  155  10:03  Zealot x2  
  155  10:04  Zealot x2  
  145  10:27  Archon  
  145  10:28  Archon x4  
  139  10:40  High Templar x4  
  147  10:45  Zealot x2  
  147  10:46  Zealot x2  
  147  10:47  Archon x2  
  155  11:21  Zealot x3  
  155  11:22  Zealot x2  
  165  11:30  Probe, Pylon  
  164  11:34  Pylon  
  164  11:36  Pylon  
  164  11:38  Pylon  
  164  11:39  Pylon  
  156  11:47  Gateway  
  156  11:48  Gateway  
  156  11:51  Gateway x2  
  156  11:54  Stargate x2  
  156  11:58  Zealot x3  
  156  11:59  Zealot x5  
  156  12:00  Zealot  
  156  12:26  Observer  
  150  12:32  High Templar x5  
  150  12:33  High Templar x2  
  164  12:42  Warp Prism (Chrono Boost)  
  162  13:01  Probe x3  
  164  13:08  Warp Prism (Chrono Boost)  
  164  13:12  Archon x3  
  166  13:36  Observer  
  167  13:51  Nexus  
  167  13:53  Pylon  
  167  13:55  Pylon, Zealot  
  167  13:56  Zealot x5  
  167  13:57  Zealot x5  
  167  13:58  Zealot x2  
  171  14:19  Zealot x5  
Show
View Real Time Build Order
Export as new Build Order

Barth Terran 

Build Orders:  

Get SALT Encoding   

  12  0:01  SCV  
  13  0:17  Supply Depot  
  13  0:18  SCV  
  14  0:31  SCV  
  15  0:37  Refinery  
  15  0:47  Supply Depot  
  15  0:54  Barracks  
  15  0:58  SCV  
  16  1:07  Refinery  
  16  1:10  SCV  
  17  1:24  SCV  
  18  1:43  Marine  
  19  1:52  Factory  
  19  1:57  Orbital Command  
  19  2:01  Marine  
  20  2:19  Marine  
  21  2:35  Factory Tech Lab  
  21  2:44  Starport  
  21  2:47  SCV  
  22  2:52  Barracks Tech Lab  
  22  2:59  SCV, Siege Tank  
  26  3:11  SCV  
  27  3:14  Concussive Shells  
  27  3:17  Marauder  
  29  3:23  SCV, Starport  
  29  3:25  Starport Reactor  
  30  3:42  Supply Depot  
  30  4:01  Starport Reactor, Command Center  
  30  4:07  Viking  
  32  4:10  Viking  
  34  4:37  Viking  
  36  4:40  Viking  
  36  4:44  Viking  
  40  4:58  Engineering Bay  
  40  5:12  Viking  
  42  5:21  Viking  
  44  5:33  Missile Turret  
  44  5:47  Viking  
  46  5:55  Missile Turret  
  46  6:08  SCV  
  47  6:15  Planetary Fortress  
  47  6:29  Viking x2  
  51  6:43  Missile Turret  
  51  6:46  Hi-Sec Auto Tracking  
  51  7:03  Missile Turret  
  51  7:12  Viking x2  
  55  7:19  SCV  
  56  7:31  SCV  
  57  7:43  SCV  
  58  7:44  Refinery  
  58  7:48  Refinery  
  58  7:55  SCV  
  59  8:01  Viking  
  61  8:07  SCV, Armory  
  62  8:15  Viking  
  64  8:24  SCV  
  65  8:36  SCV  
  65  8:38  Viking x2  
  70  8:50  Supply Depot  
  70  8:55  Armory  
  70  9:01  SCV  
  71  9:06  Viking x2  
  71  9:08  Viking  
  77  9:12  Viking  
  77  9:13  SCV  
  77  9:14  Supply Depot  
  80  9:18  Terran Ship Weapons Level 1  
  80  9:39  Missile Turret  
  80  9:40  Missile Turret  
  80  9:42  Missile Turret  
  80  9:49  Missile Turret  
  80  10:03  Missile Turret  
  52  10:42  Viking  
  52  10:43  Viking x3  
  52  10:48  SCV  
  61  11:00  SCV  
  62  11:04  Neosteel Armor  
  62  11:12  Viking  
  62  11:15  Missile Turret  
  60  11:39  Siege Tank  
  63  11:59  Missile Turret  
  62  12:11  Siege Tank  
  31  12:57  Siege Tank  
  34  13:29  Siege Tank  
Tags
 
Add a new tag
Caveats
  • Supply blocks, unpowered buildings, or Contaminate may cause inaccurate times.
  • Supply counts are checked every 10 seconds.